 Dungeon Crawl Stone Soup version 0.13-a0-2244-g236abbe (webtiles) character file.

2158 Grabo the Martial Artist (level 8, -6/66 HPs)
             Began as a Green Draconian Transmuter on July 5, 2013.
             Was a Believer of Okawaru.
             Mangled by an ogre
             ... wielding a +0,+0 giant club
              (18 damage)
             ... on Level 6 of the Dungeon.
             The game lasted 00:34:19 (6490 turns).

Grabo the Grappler (Green Draconian Transmuter)     Turns: 6490, Time: 00:34:20

HP  -6/66        AC  8     Str 13      XL: 8   Next: 90%
MP  12/12        EV 12     Int 13      God: Okawaru [**....]
Gold 290         SH  0     Dex 13      Spells:  3 memorised,  2 levels left

Res.Fire  : . . .   See Invis. : +     - Unarmed
Res.Cold  : . . .   Warding    : .   (armour unavailable)
Life Prot.: . . .   Conserve   : .   (no shield)
Res.Poison: +       Res.Corr.  : +   (helmet restricted)
Res.Elec. : .       Clarity    : .   (no cloak)
Sust.Abil.: . .     Spirit.Shd : .   t - +1 pair of gloves
Res.Mut.  : .       Stasis     : .   (no boots)
Res.Rott. : .       Flight     : .   b - amulet of resist corrosion
Saprovore : . . .                    k - ring of see invisible
                                     r - ring of wizardry

@: exhausted, slowed, very slow, slightly resistant to hostile enchantments,
unstealthy
A: breathe noxious fumes, unfitting armour, berserk 1, poison resistance, +10%
hp, AC +6, Str -1
a: Breathe Noxious Fumes, Heroism, Renounce Religion


You were on level 6 of the Dungeon.
You worshipped Okawaru.
Okawaru was greatly pleased with you.
You were very hungry.

You visited 2 branches of the dungeon, and saw 7 of its levels.

You collected 270 gold pieces.

Inventory:

Missiles
 f - 15 arrows of flame
 x - 15 poisoned arrows
Armour
 t - a +1 pair of gloves (worn)
Magical devices
 y - a wand of flame (17)
Comestibles
 a - 2 bread rations
 h - a rotting chunk of kobold flesh
Scrolls
 c - a scroll of fear
 e - a scroll of teleportation
 g - 2 scrolls of identify
 n - 4 scrolls of remove curse {remove curse, unknown}
Jewellery
 b - an amulet of resist corrosion (around neck)
 k - a ring of see invisible (right hand)
 r - a ring of wizardry (left hand)
 u - an uncursed ring of sustenance
Potions
 i - a potion of might
 j - 2 potions of invisibility
 o - 2 potions of heal wounds
 p - a potion of agility
 z - 5 potions of curing
Books
 d - a book of Changes

   Spells                             Type                      Level
   *Beastly Appendage                 Transmutation                1
   Sticks to Snakes                   Transmutation                2
   *Spider Form                       Transmutation/Poison         3
   Ice Form                           Ice/Transmutation            4
   *Blade Hands                       Transmutation                5
 w - a book of Necromancy

   Spells                             Type                      Level
   Pain                               Necromancy                   1
   Animate Skeleton                   Necromancy                   1
   Lethal Infusion                    Charms/Necromancy            2
   Vampiric Draining                  Necromancy                   3
   Regeneration                       Charms/Necromancy            3
   Animate Dead                       Necromancy                   4
   Control Undead                     Necromancy                   4


   Skills:
 - Level 1.1 Fighting
 - Level 1.7 Dodging
 + Level 8.2 Unarmed Combat
 - Level 2.0 Spellcasting
 + Level 7.9 Transmutations


You had 2 spell levels left.
You knew the following spells:

 Your Spells              Type           Power        Failure   Level  Hunger
a - Beastly Appendage     Trmt           ###...       1%          1    ##.....
b - Spider Form           Trmt/Pois      ##........   7%          3    ####...
c - Blade Hands           Trmt           ###.......   13%         5    ######.


Dungeon Overview and Level Annotations

Branches:
Dungeon (6/27)             Temple (1/1) D:4
    Orc: D:6-11

Altars:
Cheibriados
Elyvilon
Kikubaaqudgha
Nemelex Xobeh
Okawaru
Sif Muna
Trog
Zin
Lugonu


Innate Abilities, Weirdness & Mutations

You can breathe blasts of noxious fumes.*
Your lurid green scales are hard (AC +6).*
Your body does not fit into most forms of armour.
Your cold-blooded metabolism reacts poorly to cold.
Your system is resistant to poisons.*
You tend to lose your temper in combat.
You are robust (+10% HP).
You are weak (Str -1).


Message History

You feel yourself slow down.
You are feeling very hungry.
You climb upwards.
There is a stone staircase leading down here.
You start resting.
Your transformation has ended.
You fall off the wall.
Your +1 pair of gloves unmelds from your body.
You start resting.
Magic restored.
Eat which item? (? for menu, Esc to quit)
Okay, then.
You climb downwards.
The centaur wields a glowing bow.
It is covered in frost.
The centaur shoots an arrow of frost.
The arrow of frost misses you.
The centaur shoots an arrow of frost.
The arrow of frost hits you!
One of your 3 potions of heal wounds freezes and shatters!
Your potion of restore abilities freezes and shatters!
* * * LOW HITPOINT WARNING * * *
The ogre hits you with a giant club!
You die...

..........
#.........
#.........
.f.####........#
#......%..#
#.#####.###.#..
#..c%%........
##.##########
#@.........
#O###.#### #.# #
###


You could see an ogre and a centaur.

Vanquished Creatures
  Pikel (D:6)
  The ghost of crypto177 the Cleaver, an average LOFi (D:5)
  4 slaves (D:6)
  A phantom (D:5)
  An ogre (D:6)
  2 centaurs
  2 giant frog zombies (D:6)
  3 crimson imps
  A gnoll shaman (D:6)
  An orc priest (D:3)
  3 orc wizards
  2 scorpions (D:5)
  5 worker ants
  7 gnolls
  14 adders
  An inept feature mimic (D:3)
  A giant mite (D:4)
  A worm (D:4)
  10 orcs
  A giant cockroach (D:2)
  13 goblins
  5 hobgoblins
  12 jackals
  16 kobolds
  4 training dummies (D:2)
  10 bats
  A giant gecko (D:1)
  3 giant newts
  A hobgoblin skeleton (D:6)
  An orc skeleton (D:4)
  5 quokkas
  38 rats
  2 rat skeletons (D:5)
173 creatures vanquished.

Vanquished Creatures (others)
  A giant spore (D:6)
  A goblin (D:3)
2 creatures vanquished.

Grand Total: 175 creatures vanquished

Notes
Turn   | Place    | Note
--------------------------------------------------------------
     0 | D:1      | Grabo, the Draconian Transmuter, began the quest for the Orb.
     0 | D:1      | Reached XP level 1. HP: 16/16 MP: 1/1
   336 | D:1      | Reached XP level 2. HP: 7/23 MP: 3/3
  1028 | D:2      | Reached XP level 3. HP: 28/28 MP: 2/4
  1033 | D:2      | Learned a level 3 spell: Spider Form
  1255 | D:2      | Reached skill level 4 in Unarmed Combat
  1300 | D:2      | Reached XP level 4. HP: 31/35 MP: 1/6
  1454 | D:2      | Found an iron altar of Okawaru.
  1477 | D:2      | Became a worshipper of Warmaster Okawaru
  1879 | D:3      | Reached XP level 5. HP: 33/40 MP: 3/7
  2385 | D:3      | Reached skill level 5 in Unarmed Combat
  3151 | D:4      | Gained mutation: You are robust (+10% HP). [potion of beneficial mutation]
  3210 | D:4      | Reached XP level 6. HP: 42/51 MP: 7/9
  3734 | D:4      | Found a staircase to the Ecumenical Temple.
  3755 | D:4      | Reached skill level 5 in Transmutations
  3961 | D:4      | Found a glowing silver altar of Zin.
  3961 | D:4      | Found an ancient bone altar of Kikubaaqudgha.
  4027 | D:4      | Learned a level 5 spell: Blade Hands
  4256 | D:5      | Entered Level 5 of the Dungeon
  4302 | D:5      | Reached skill level 6 in Unarmed Combat
  4302 | D:5      | Your scales start taking on a lurid green colour.
  4302 | D:5      | Gained mutation: Your system is resistant to poisons. [draconian maturity]
  4302 | D:5      | Reached XP level 7. HP: 45/57 MP: 8/10
  4578 | D:5      | Noticed crypto177's ghost (average LOFi)
  4636 | D:6      | Acquired Okawaru's first power
  4663 | D:5      | Gained mutation: You tend to lose your temper in combat. [miscasting Blade Hands]
  4663 | D:5      | Gained mutation: You are weak (Str -1). [miscasting Blade Hands]
  4855 | D:5      | Killed crypto177's ghost
  5239 | D:5      | Reached skill level 7 in Unarmed Combat
  5239 | D:5      | Reached XP level 8. HP: 40/66 MP: 12/12
  5389 | Temple   | Entered the Ecumenical Temple
  5888 | D:6      | Noticed Pikel
  5897 | D:6      | Killed Pikel
  6060 | D:6      | Reached skill level 8 in Unarmed Combat
  6490 | D:6      | Mangled by an ogre

Action                   |  1- 3 |  4- 6 |  7- 9 || total
-------------------------+-------+-------+-------++-------
Melee: Unarmed           |   112 |   395 |   239 ||   746
 Cast: Beastly Appendage |     6 |    13 |       ||    19
       Spider Form       |     2 |     3 |     1 ||     6
       Blade Hands       |       |       |     3 ||     3
 Abil: Breathe Noxious F |       |       |     3 ||     3
Evoke: Wand              |       |       |     1 ||     1
  Use: Scroll            |       |     6 |    15 ||    21
       Potion            |       |     3 |       ||     3
 Stab: Confused          |       |       |     4 ||     4
